 Dungeon Crawl Stone Soup version 0.19-a0-1922-g1e9a4c1 (webtiles) character file.

27 varam the Ruffian (level 2, 29/29 HPs)
             Began as a Troll Monk on Oct 24, 2016.
             Quit the game on level 2 of the Dungeon.
             The game lasted 00:02:25 (1313 turns).

varam the Ruffian (Troll Monk)                      Turns: 1313, Time: 00:02:26

Health: 29/29      AC:  5    Str: 18    XL:     2   Next: 93%
Magic:  1/1        EV: 10    Int: 10    God:
Gold:   118        SH:  0    Dex: 12    Spells: 0 memorised, 1 level left

rFire  . . .     SeeInvis .       - Unarmed
rCold  . . .     Gourm    +     a - +0 robe
rNeg   . . .     Faith    .     (no shield)
rPois  .         Spirit   .     (helmet restricted)
rElec  .         Reflect  .     (no cloak)
rCorr  .         Harm     .     (gloves unavailable)
MR     .....                    (boots unavailable)
Stlth  ++........               o - amulet of inaccuracy (curse)
                                g - ring of flight
                                e - +4 ring of intelligence

@: no status effects
A: unfitting armour, claws 3, fast metabolism 3, gourmand, regeneration 1,
shaggy fur 1, tough skin 2
a: Evoke Flight


You were on level 2 of the Dungeon.
You were hungry.

You visited 1 branch of the dungeon, and saw 2 of its levels.

You collected 118 gold pieces.

Inventory:

Armour
 a - a +0 robe (worn)
Jewellery
 e - a +4 ring of intelligence (left claw)
 g - a ring of flight (right claw)
 o - a cursed amulet of inaccuracy (around neck)
Scrolls
 f - a scroll of magic mapping {unknown}
 h - a scroll of enchant weapon {unknown}
 i - 2 scrolls of recharging {unknown}
 j - a scroll of noise {unknown}
 n - a scroll of identify {unknown}
Potions
 d - a potion of degeneration {unknown}
 k - a potion of brilliance {unknown}
 l - 2 potions of might {unknown}
Comestibles
 b - 3 bread rations
 c - 2 fruits


   Skills:
 - Level 2.4 Fighting
 - Level 2.4 Dodging
 - Level 1.0 Stealth
 + Level 4.1 Unarmed Combat


You had one spell level left.
You didn't know any spells.

Dungeon Overview and Level Annotations

Branches:
Dungeon (2/15)

Altars:
Elyvilon
Zin
The Shining One


Innate Abilities, Weirdness & Mutations

You are too large for most types of armour.
You have claws for hands.
Your metabolism is lightning-fast.
You like to eat raw meat.
Your natural rate of healing is unusually fast.
You are covered in fur. (AC +1)
You have very tough skin. (AC +2)


Message History

Things that are here:
a whip; a kobold corpse You see here 9 stones.
You are starving!
You now have 118 gold pieces (gained 7).
You need to eat something NOW!
You need to eat something NOW!
You need to eat something NOW!
You are too hungry to fight recklessly!
You are too hungry to fight recklessly!
You start eating the beef jerky.
You are feeling hungry.
That beef jerky was delicious!
Found 22 sling bullets.
Found a white marble altar of Elyvilon and a glowing silver altar of Zin.
Found a glowing golden altar of the Shining One.
No target in view!
No target in view!
Unknown command.
Are you sure you want to abandon this character and quit the game? (Confirm with "yes".)

.......##########
.............
...#### ..........
....... #.#.#
#.######....
#...###......#....
###..........#....
#...###...(..#....
#.#.# #......#....
♣@♣♣# #.....)#....
♣...♣ #........<..
♣...?.♣
##..........
♣...P...♣
#........##
♣._(.._.♣
####..(..#
♣..._...♣ #.....#
♣♣..!..♣♣ #.....#
♣♣♣♣♣♣♣ #.....#
#######


There were no monsters in sight!

Vanquished Creatures
  An ooze (D:1)
  2 leopard geckos (D:2)
  A giant cockroach (D:1)
  4 goblins (D:1)
  A hobgoblin (D:1)
  2 jackals (D:1)
  4 kobolds
  A bat (D:1)
  3 rats (D:1)
  6 bushes (D:1)
  A plant (D:1)
26 creatures vanquished.

Notes
Turn   | Place    | Note
-------+----------+-------------------------------------------
     0 | D:1      | varam the Troll Monk began the quest for the Orb.
     0 | D:1      | Reached XP level 1. HP: 22/22 MP: 0/0
   401 | D:1      | Reached XP level 2. HP: 23/29 MP: 1/1
  1102 | D:1      | Reached skill level 4 in Unarmed Combat
  1310 | D:2      | Found a white marble altar of Elyvilon.
  1310 | D:2      | Found a glowing silver altar of Zin.
  1311 | D:2      | Found a glowing golden altar of the Shining One.
  1313 | D:2      | Quit the game

Vault maps used:
D:1:      lightli_iron_boxes, serial_forest, infiniplex_forest_lined_3,
          infiniplex_forest_clump_C, infiniplex_forest_lined_3,
          infiniplex_forest_clump_double, infiniplex_forest_lined_4_way,
          infiniplex_forest_clump_long, infiniplex_forest_straight_2
D:2:      good_gods_temple_1, due_unseen_surprise

Skill      XL: |  1  2 |
---------------+-------+-----
Unarmed Combat | 4 |  4.1
Fighting       | |  2.4
Dodging        | |  2.4
Stealth        | |  1.0

Action                   || total
-------------------------++-------
Melee: Unarmed           ||   354
       Punch             ||     6
 Stab: Sleeping          ||     3
  Eat: Chunk             ||     5
       Fruit             ||     3
       Beef jerky        ||     1
Armor: Robe              ||     9
Dodge: Dodged            ||    19
